 Dungeon Crawl Stone Soup version 0.29.1-2-gbd0b4ee654 (webtiles) character file.

Game seed: 5593755175585919126

21 opdollar the Vexing (level 2, -18/23 HPs)
             Began as a Gnoll Arcane Marksman on Nov 11, 2022.
             Engulfed by a cloud of flame (21 damage)
             ... on level 1 of the Dungeon.
             The game lasted 00:08:03 (942 turns).

opdollar the Vexing (Gnoll Arcane Marksman)          Turns: 942, Time: 00:08:04

Health: -18/23     AC:  4    Str:  9    XL:     2   Next: 83%
Magic:  5/5        EV: 14    Int: 12    God:
Gold:   51         SH:  0    Dex: 15    Spells: 5/6 levels left

rFire   . . .      SeeInvis .   a - +1 sling
rCold   . . .      Faith    .   (no shield)
rNeg    . . .      Spirit   .   c - +0 robe
rPois   .          Reflect  .   (no helmet)
rElec   .          Harm     .   (no cloak)
rCorr   .          Rampage  .   e - +1 pair of gloves {Dex+3}
Will    .....                   (no boots)
Stlth   ++........              (no amulet)
HPRegen 0.07/turn               (no ring)
MPRegen 0.09/turn               (no ring)

@: no status effects
A: fangs 1, strong nose, distributed training
a: no special abilities


You were on level 1 of the Dungeon.
You visited 1 branch of the dungeon, and saw 1 of its levels.

You collected 51 gold pieces.

Inventory:

Hand Weapons
 a - a +1 sling (weapon)
 f - a +0 whip
 h - a +0 glaive
Armour
 c - a +0 robe (worn)
 e - a +1 pair of gloves of dexterity (worn)
Scrolls
 b - a scroll of poison
 i - a scroll of blinking {unknown}
Potions
 d - 2 potions of curing {unknown}
 g - 2 potions of degeneration {unknown}
 j - a potion of might {unknown}
 k - a potion of heal wounds {unknown}
 l - 2 potions of lignification {unknown}


   Skills:
 + Level 2.5 Fighting
 + Level 0.5 Short Blades
 + Level 0.5 Long Blades
 + Level 0.5 Axes
 + Level 0.5 Maces & Flails
 + Level 0.5 Polearms
 + Level 0.5 Staves
 + Level 4.5 Ranged Weapons
 + Level 0.5 Throwing
 + Level 0.5 Armour
 + Level 4.5 Dodging
 + Level 0.5 Stealth
 + Level 0.5 Shields
 + Level 0.5 Unarmed Combat
 + Level 2.7 Spellcasting
 + Level 0.4 Conjurations
 + Level 5.4 Hexes
 + Level 0.4 Summonings
 + Level 0.4 Necromancy
 + Level 0.4 Translocations
 + Level 0.4 Transmutations
 + Level 0.4 Fire Magic
 + Level 0.4 Ice Magic
 + Level 0.4 Air Magic
 + Level 0.4 Earth Magic
 + Level 0.4 Poison Magic
 + Level 0.7 Invocations
 + Level 0.5 Evocations


You had 5 spell levels left.
You knew the following spells:

 Your Spells              Type           Power      Damage    Failure   Level
a - Slow                  Hex            56%        N/A       2%          1

Your spell library contained the following spells:

 Spells                   Type           Power      Damage    Failure   Level
 Inner Flame              Hex/Fire       8%         N/A       22%         3
 Portal Projectile        Hex/Tloc       16%        N/A       22%         3
 Cause Fear               Hex            7%         N/A       26%         4


Dungeon Overview and Level Annotations

Branches:
Dungeon (1/15)

Altars:


Innate Abilities, Weirdness & Mutations

You have very sharp teeth.
Your uncanny sense of smell can sniff out nearby items.
Your experience applies equally to all skills.


Message History

Fire: a) +1 sling
Press: ? - help, Shift-Dir - straight line, f/p - ball python
Aim: a ball python (57% to hit)
You shoot a sling bullet. The sling bullet hits the ball python.
You kill the ball python!
Things that are here:
a +0 short sword; 4 stones
Found 9 stones.
You see here 9 stones.
You see here a +0 hand axe.
There is an escape hatch in the floor here.
There is an open door here.
There is an open door here.
You see here a +0 short sword.
A rat comes into view.
Things that are here:
a +0 dagger; a goblin corpse A rat is nearby!
Fire: a) +1 sling
Press: ? - help, Shift-Dir - straight line, f - rat
Aim: a rat (wandering, hasn't noticed you, 60% to hit)
You shoot a sling bullet. The sling bullet barely misses the rat.
Things that are here:
a +0 dagger; a goblin corpse Fire: a) +1 sling
Press: ? - help, Shift-Dir - straight line, f/p - rat
Aim: a rat (60% to hit)
You shoot a sling bullet.
The sling bullet hits the rat but does no damage.
Fire: a) +1 sling
Press: ? - help, Shift-Dir - straight line, f/p - rat
Aim: a rat (60% to hit)
You shoot a sling bullet. The sling bullet barely misses the rat.
Really walk into a travel-excluded area?
You are engulfed in blazing flames.
Ouch! That really hurt!
* * * LOW HITPOINT WARNING * * *
You are engulfed in blazing flames.
Ouch! That really hurt!
You die...

..[.# ###.# .# ##.## .#
##...######## §§# #...........###
§§☼# ####
)#...#.####...#####...#####..#
###.###......).☼§☼.$$..§§§...###
.#####.#######.○§§.$?...§§.....##
#.###.## #.§@§r$....☼........
##.#.## ######...#####.>..##
....## #.○☼# #..#### ##### #.°§#
#..# # #§§.# #### # #### #...###
# ...# #..##.# ##
##.################.###.# #.
#.#....................# ### #.


You could see a rat.

Vanquished Creatures
  2 dart slugs (D:1)
  3 ball pythons (D:1)
  An endoplasm (D:1)
  2 goblins (D:1)
  A quokka (D:1)
  A frilled lizard (D:1)
  5 kobolds (D:1)
  2 rats (D:1)
17 creatures vanquished.

Notes
Turn   | Place    | Note
-------+----------+-------------------------------------------
     0 | D:1      | opdollar the Gnoll Arcane Marksman began the quest for the
                  | Orb.
     0 | D:1      | Reached XP level 1. HP: 17/17 MP: 4/4
   369 | D:1      | Reached XP level 2. HP: 23/23 MP: 5/5
   547 | D:1      | Found a faded altar of an unknown god.
   942 | D:1      | Engulfed by a cloud of flame

Illustrated notes

Levels and vault maps discovered:
D:1:      lightli_arrival_quake, layout_loops_ring,
          shapermc_ecumenical_altar_acropolis, minmay_misc_feat_four_crosses,
          lemuel_flame_loot_1

Action                   || total
-------------------------++-------
 Fire: Sling             ||    46
Armor: Robe              ||     7
Dodge: Dodged            ||     7
